MID
DELMARVA SHOREBIRDS @ CEDAR RAPIDS KERNELS
08/11/2045
 
TOP OF THE 1ST
Delmarva Shorebirds batting - Pitching for Cedar Rapids Kernels : RHP Willie Romero
Pitching: RHP Willie Romero
Batting: RHB Mario Luna 0-0: Ball
1-0: Called Strike
1-1: Swinging Strike
1-2: Strikes out swinging
Batting: RHB Jordan Wallace 0-0: Swinging Strike
0-1: Ball
1-1: Ball
2-1: Fly out, F4 (Flyball, 3D, EV 85.6 MPH)
Batting: RHB Travis Carter 0-0: Foul Ball, location: 2F
0-1: Foul Ball, location: 2F
0-2: Ball
1-2: SOLO HOME RUN (Flyball, 78XD, EV 105.0 MPH), Distance : 408 ft
Batting: LHB Tim Mulholland 0-0: Called Strike
0-1: Swinging Strike
0-2: Ball
1-2: Fly out, F7 (Flyball, BS2, EV 98.8 MPH)
Top of the 1st over - 1 run, 1 hit, 0 errors, 0 left on base; Delmarva 1 - Cedar Rapids 0
BOTTOM OF THE 1ST
Cedar Rapids Kernels batting - Pitching for Delmarva Shorebirds : LHP Luis Perez
Pitching: LHP Luis Perez
Batting: SHB Roberto Camarena 0-0: Ball
1-0: Ball
2-0: Called Strike
2-1: Foul Ball, location: 2F
2-2: Strikes out looking
Batting: RHB Miguel Diaz 0-0: Foul Ball, location: 2F
0-1: Ball
1-1: Ball
2-1: SINGLE (Groundball, 34D, EV 101.9 MPH) (infield hit)
Batting: RHB Justin Allison 0-0: Ball
1-0: Called Strike
1-1: Swinging Strike
1-2: Ball
2-2: Strikes out swinging
Batting: RHB Jon Avila 0-0: Ground out 1-3 (Groundball, P, EV 63.8 MPH)
Bottom of the 1st over - 0 runs, 1 hit, 0 errors, 1 left on base; Delmarva 1 - Cedar Rapids 0
TOP OF THE 2ND
Delmarva Shorebirds batting - Pitching for Cedar Rapids Kernels : RHP Willie Romero
Batting: RHB Jeremy Sipe 0-0: SINGLE (Groundball, 13S, EV 68.1 MPH) (infield hit)
Batting: LHB David Best 0-0: Called Strike
0-1: Ball
1-1: Ball
2-1: Ball
3-1: Base on Balls
Jeremy Sipe to second
Batting: LHB Raul Rojas 0-0: Fly out, F9 (Flyball, 89XD, EV 91.9 MPH)
Runner from 2nd tags up, SAFE at 3rd, no throw by RF
Batting: LHB Antonio Cantu 0-0: Swinging Strike
0-1: Swinging Strike
0-2: Ball
1-2: Foul Ball, location: 2F
1-2: Strikes out looking
Batting: SHB Hugo Moreno 0-0: Called Strike
0-1: Called Strike
0-2: Foul Ball, location: 2F
0-2: Ball
1-2: Strikes out swinging
Top of the 2nd over - 0 runs, 1 hit, 0 errors, 2 left on base; Delmarva 1 - Cedar Rapids 0
BOTTOM OF THE 2ND
Cedar Rapids Kernels batting - Pitching for Delmarva Shorebirds : LHP Luis Perez
Batting: SHB David Myles 0-0: Ball
1-0: Fly out, F8 (Flyball, 8RD, EV 106.2 MPH)
Batting: LHB Mike Handrahan 0-0: Ball
1-0: Called Strike
1-1: Swinging Strike
1-2: Ball
2-2: Strikes out swinging
Batting: RHB Ruben Martinez 0-0: Fly out, F8 (Flyball, 78D, EV 79.4 MPH)
Bottom of the 2nd over - 0 runs, 0 hits, 0 errors, 0 left on base; Delmarva 1 - Cedar Rapids 0
TOP OF THE 3RD
Delmarva Shorebirds batting - Pitching for Cedar Rapids Kernels : RHP Willie Romero
Batting: RHB Mario Luna 0-0: Called Strike
0-1: Called Strike
0-2: Foul Ball, location: 2F
0-2: Ball
1-2: Ball
2-2: SINGLE (Groundball, 5D, EV 105.6 MPH)
Batting: RHB Jordan Wallace 0-0: Ball
1-0: Called Strike
1-1: Ball
2-1: Foul Ball, location: 2F
2-2: Ball
3-2: Foul Ball, location: 2F
3-2: Base on Balls
Mario Luna to second
Batting: RHB Travis Carter 0-0: Called Strike
0-1: Swinging Strike
0-2: SINGLE (Flyball, 6D, EV 88.8 MPH)
Mario Luna to third
Jordan Wallace to second
Batting: LHB Tim Mulholland 0-0: Called Strike
0-1: Grounds into double play, 6-4-3 (Groundball, 56D, EV 104.4 MPH)
Mario Luna scores
Jordan Wallace to third
Batting: RHB Jeremy Sipe 0-0: Called Strike
0-1: Foul Ball, location: 2F
0-2: Fly out, F7 (Line Drive, 7, EV 97.5 MPH)
Top of the 3rd over - 1 run, 2 hits, 0 errors, 1 left on base; Delmarva 2 - Cedar Rapids 0
BOTTOM OF THE 3RD
Cedar Rapids Kernels batting - Pitching for Delmarva Shorebirds : LHP Luis Perez
Batting: LHB Kai Baker 0-0: Swinging Strike
0-1: Foul Ball, location: 2F
0-2: Strikes out swinging
Batting: RHB Jake Wirthlin 0-0: Called Strike
0-1: Ball
1-1: Foul Ball, location: 2F
1-2: Strikes out swinging
Batting: SHB Roberto Camarena 0-0: Called Strike
0-1: Called Strike
0-2: Ground out 6-3 (Groundball, 6, EV 98.8 MPH)
Bottom of the 3rd over - 0 runs, 0 hits, 0 errors, 0 left on base; Delmarva 2 - Cedar Rapids 0
TOP OF THE 4TH
Delmarva Shorebirds batting - Pitching for Cedar Rapids Kernels : RHP Willie Romero
Batting: LHB David Best 0-0: Ball
1-0: Called Strike
1-1: Ground out 4-3 (Groundball, 4, EV 106.9 MPH)
Batting: LHB Raul Rojas 0-0: Called Strike
0-1: Foul Ball, location: 2F
0-2: Strikes out looking
Batting: LHB Antonio Cantu 0-0: Ground out U3 (Groundball, 3S, EV 63.8 MPH)
Top of the 4th over - 0 runs, 0 hits, 0 errors, 0 left on base; Delmarva 2 - Cedar Rapids 0
BOTTOM OF THE 4TH
Cedar Rapids Kernels batting - Pitching for Delmarva Shorebirds : LHP Luis Perez
Batting: RHB Miguel Diaz 0-0: Ball
1-0: Called Strike
1-1: DOUBLE (Line Drive, 7LS, EV 103.1 MPH)
Batting: RHB Justin Allison 0-0: Ball
1-0: Called Strike
1-1: Swinging Strike
1-2: Ball
2-2: Ball
3-2: Foul Ball, location: 2F
3-2: Foul Ball, location: 2F
3-2: Foul Ball, location: 2F
3-2: Base on Balls
Batting: RHB Jon Avila 0-0: Fielders Choice at 2nd, 4-6 (Groundball, 4, EV 99.4 MPH)
Miguel Diaz to third
Batting: SHB David Myles 0-0: Ball
1-0: Called Strike
1-1: Fielders Choice at 2nd, 4-6 (Groundball, 4, EV 87.5 MPH)
Miguel Diaz scores
Batting: LHB Mike Handrahan 0-0: Called Strike
0-1: Foul Ball, location: 2F
0-2: Ball
1-2: Ground out 4-3 (Groundball, 34D, EV 97.5 MPH)
Bottom of the 4th over - 1 run, 1 hit, 0 errors, 1 left on base; Delmarva 2 - Cedar Rapids 1
TOP OF THE 5TH
Delmarva Shorebirds batting - Pitching for Cedar Rapids Kernels : RHP Willie Romero
Batting: SHB Hugo Moreno 0-0: Called Strike
0-1: Foul Ball, location: 2F
0-2: Ball
1-2: Ball
2-2: Foul Ball, location: 2F
2-2: Ball
3-2: DOUBLE (Flyball, 89D, EV 95.6 MPH)
Batting: RHB Mario Luna 0-0: Swinging Strike
0-1: Ball
1-1: Foul Ball, location: 2F
1-2: Foul Ball, location: 2F
1-2: Strikes out swinging, 2-3 out at first.
Batting: RHB Jordan Wallace 0-0: Ball
1-0: Called Strike
1-1: Ball
2-1: Fly out, F6 (Flyball, 6D, EV 86.2 MPH)
Batting: RHB Travis Carter 0-0: Ball
1-0: Ball
2-0: SINGLE (Line Drive, 7S, EV 97.5 MPH)
Hugo Moreno to third
Runner from 3rd tries for Home, throw by LF and OUT! 7-2
Top of the 5th over - 0 runs, 2 hits, 0 errors, 1 left on base; Delmarva 2 - Cedar Rapids 1
BOTTOM OF THE 5TH
Cedar Rapids Kernels batting - Pitching for Delmarva Shorebirds : LHP Luis Perez
Batting: RHB Ruben Martinez 0-0: Ball
1-0: Called Strike
1-1: Ball
2-1: Foul Ball, location: 2F
2-2: Ball
3-2: Base on Balls
Batting: LHB Kai Baker 0-0: Called Strike
0-1: Foul Ball, location: 2F
0-2: Ball
1-2: Ball
2-2: SINGLE (Groundball, 4MD, EV 103.8 MPH)
Ruben Martinez to second
Batting: RHB Jake Wirthlin 0-0: Called Strike
0-1: Foul Ball, location: 2F
0-2: Ball
1-2: Ball
2-2: Strikes out swinging
Batting: SHB Roberto Camarena 0-0: Called Strike
0-1: Ball
1-1: Fielders Choice at 2nd, 6-4 (Groundball, 6M, EV 88.8 MPH)
Ruben Martinez to third
Batting: RHB Miguel Diaz 0-0: Foul Ball, location: 2F
0-1: Ball
1-1: 3-RUN HOME RUN (Line Drive, 8RXD, EV 105.6 MPH), Distance : 427 ft
Batting: RHB Justin Allison 0-0: Ball
1-0: SINGLE (Groundball, 6MD, EV 100.6 MPH)
Batting: RHB Jon Avila 0-0: Fielders Choice at 2nd, 5-4 (Groundball, 56, EV 90.0 MPH)
Bottom of the 5th over - 3 runs, 3 hits, 0 errors, 1 left on base; Delmarva 2 - Cedar Rapids 4
TOP OF THE 6TH
Delmarva Shorebirds batting - Pitching for Cedar Rapids Kernels : RHP Willie Romero
Batting: LHB Tim Mulholland 0-0: Ground out 6-3 (Groundball, 6, EV 79.4 MPH)
Batting: RHB Jeremy Sipe 0-0: Called Strike
0-1: Foul Ball, location: 2F
0-2: Ball
1-2: Foul Ball, location: 2F
1-2: Ball
2-2: Fly out, F7 (Flyball, 7, EV 89.4 MPH)
Batting: LHB David Best 0-0: Called Strike
0-1: Ball
1-1: Foul Ball, location: 2F
1-2: Foul Ball, location: 2F
1-2: Fly out, F7 (Flyball, 7S, EV 91.2 MPH)
Top of the 6th over - 0 runs, 0 hits, 0 errors, 0 left on base; Delmarva 2 - Cedar Rapids 4
BOTTOM OF THE 6TH
Cedar Rapids Kernels batting - Pitching for Delmarva Shorebirds : LHP Luis Perez
Batting: SHB David Myles 0-0: Called Strike
0-1: Called Strike
0-2: Ball
1-2: Foul Ball, location: 2F
1-2: Ball
2-2: Ball
3-2: Base on Balls
Pitching: RHP Josh Blankenship
Batting: LHB Mike Handrahan 0-0: Called Strike
0-1: Ball
1-1: SINGLE (Flyball, 6D, EV 83.8 MPH)
David Myles to second
Batting: RHB Ruben Martinez 0-0: Ball
1-0: Reached on error, E4 (Groundball, 4, EV 91.9 MPH)
David Myles to third
Mike Handrahan to second
Batting: LHB Kai Baker 0-0: Called Strike
0-1: Ball
1-1: Swinging Strike
1-2: Ball
2-2: Foul Ball, location: 2F
2-2: Strikes out swinging
Batting: RHB Jake Wirthlin 0-0: Called Strike
0-1: Called Strike
0-2: Strikes out swinging
Batting: SHB Roberto Camarena 0-0: Ball
1-0: Called Strike
1-1: Ball
2-1: Called Strike
2-2: Foul Ball, location: 2F
2-2: Strikes out swinging
Bottom of the 6th over - 0 runs, 1 hit, 1 error, 3 left on base; Delmarva 2 - Cedar Rapids 4
TOP OF THE 7TH
Delmarva Shorebirds batting - Pitching for Cedar Rapids Kernels : RHP Willie Romero
Batting: LHB Raul Rojas 0-0: Fly out, F7 (Flyball, 78M, EV 85.6 MPH)
DELAY Rain delay of 45 minutes in the 7th inning.
Batting: LHB Antonio Cantu 0-0: Called Strike
0-1: Ball
1-1: Called Strike
1-2: Ball
2-2: Ball
3-2: Strikes out looking
Pitching: RHP Jerry McGee
Batting: SHB Hugo Moreno 0-0: Ball
1-0: Swinging Strike
1-1: Foul Ball, location: 2F
1-2: Strikes out swinging
Top of the 7th over - 0 runs, 0 hits, 0 errors, 0 left on base; Delmarva 2 - Cedar Rapids 4
BOTTOM OF THE 7TH
Cedar Rapids Kernels batting - Pitching for Delmarva Shorebirds : RHP Josh Blankenship
Pitching: RHP Nick Hoag
Batting: RHB Miguel Diaz 0-0: Ball
1-0: Ball
2-0: Swinging Strike
2-1: SOLO HOME RUN (Flyball, 78XD, EV 106.9 MPH), Distance : 397 ft
Batting: RHB Justin Allison 0-0: Called Strike
0-1: Ball
1-1: Swinging Strike
1-2: Ball
2-2: Strikes out swinging
Batting: RHB Jon Avila 0-0: Ball
1-0: Ball
2-0: Called Strike
2-1: Ground out 4-3 (Groundball, 4M, EV 104.4 MPH)
Batting: SHB David Myles 0-0: Ball
1-0: Ball
2-0: Ball
3-0: Swinging Strike
3-1: Base on Balls
Batting: LHB Mike Handrahan 0-0: Called Strike
David Myles steals 2nd base
0-1: Swinging Strike
0-2: Strikes out swinging
Bottom of the 7th over - 1 run, 1 hit, 0 errors, 1 left on base; Delmarva 2 - Cedar Rapids 5
TOP OF THE 8TH
Delmarva Shorebirds batting - Pitching for Cedar Rapids Kernels : RHP Jerry McGee
Batting: RHB Mario Luna 0-0: Called Strike
0-1: Ball
1-1: Ball
2-1: Ball
3-1: Base on Balls
Batting: RHB Jordan Wallace 0-0: Ball
1-0: Ball
2-0: Ball
3-0: Base on Balls
Mario Luna to second
Batting: RHB Travis Carter 0-0: Ball
1-0: Ball
2-0: Called Strike
2-1: Ball
3-1: Foul Ball, location: 2F
3-2: Base on Balls
Mario Luna to third
Jordan Wallace to second
Pitching: RHP Bruce Wight
Batting: LHB Tim Mulholland 0-0: Ball
1-0: Foul Ball, location: 2F
1-1: Called Strike
1-2: Ball
2-2: Ball
3-2: Base on Balls
Mario Luna scores
Jordan Wallace to third
Travis Carter to second
Batting: RHB Jeremy Sipe 0-0: Foul Ball, location: 2F
0-1: Ball
Wild Pitch!
Jordan Wallace scores
Travis Carter to third
Tim Mulholland to second
1-1: Foul Ball, location: 2F
1-2: Foul Ball, location: 2F
1-2: Ball
2-2: Ball
3-2: Ground out 6-3 (Groundball, 6M, EV 100.6 MPH)
Travis Carter scores
Tim Mulholland to third
Batting: LHB David Best 0-0: Called Strike
0-1: SINGLE (Groundball, 4M, EV 95.6 MPH)
Tim Mulholland scores
Batting: LHB Raul Rojas 0-0: Ball
1-0: Called Strike
1-1: Foul Ball, location: 2F
1-2: Strikes out swinging
Batting: LHB Antonio Cantu 0-0: Called Strike
0-1: Swinging Strike
0-2: Ground out U3 (Groundball, 3L, EV 85.0 MPH)
Top of the 8th over - 4 runs, 1 hit, 0 errors, 1 left on base; Delmarva 6 - Cedar Rapids 5
BOTTOM OF THE 8TH
Cedar Rapids Kernels batting - Pitching for Delmarva Shorebirds : RHP Nick Hoag
Pitching: LHP Mark Gehring
Batting: RHB Ruben Martinez 0-0: Ball
1-0: SINGLE (Groundball, 56D, EV 101.9 MPH)
Pinch Hitting: RHB Manuel Juarez 0-0: Sac Bunt to 2L - play at first, batter OUT! 2-4
Ruben Martinez to second
Batting: RHB Jake Wirthlin 0-0: Ground out 4-3 (Groundball, 4, EV 101.9 MPH)
Ruben Martinez to third
Batting: SHB Roberto Camarena 0-0: Foul Ball, location: 2F
0-1: Ball
1-1: Ball
2-1: Ball
3-1: Swinging Strike
3-2: Fly out, F8 (Line Drive, 8LD, EV 110.0 MPH)
Bottom of the 8th over - 0 runs, 1 hit, 0 errors, 1 left on base; Delmarva 6 - Cedar Rapids 5
TOP OF THE 9TH
Delmarva Shorebirds batting - Pitching for Cedar Rapids Kernels : RHP Bruce Wight
Pitching: RHP Andy Symons
Now at SS: Orlando Blanco
Batting: SHB Hugo Moreno 0-0: Foul Ball, location: 2F
0-1: Foul Ball, location: 2F
0-2: Foul Ball, location: 2F
0-2: Ball
1-2: Ball
2-2: Ball
3-2: Foul Ball, location: 2F
3-2: Fly out, F8 (Line Drive, 8RM, EV 95.0 MPH)
Batting: RHB Mario Luna 0-0: Called Strike
0-1: Ball
1-1: Ball
2-1: Swinging Strike
2-2: Ball
3-2: Foul Ball, location: 2F
3-2: Strikes out swinging
Batting: RHB Jordan Wallace 0-0: Called Strike
0-1: Ball
1-1: SINGLE (Groundball, 56D, EV 105.0 MPH)
Batting: RHB Travis Carter 0-0: Called Strike
0-1: Called Strike
0-2: Foul Ball, location: 2F
0-2: Ball
1-2: Foul Ball, location: 2F
1-2: Foul Ball, location: 2F
1-2: Strikes out swinging
Top of the 9th over - 0 runs, 1 hit, 0 errors, 1 left on base; Delmarva 6 - Cedar Rapids 5
BOTTOM OF THE 9TH
Cedar Rapids Kernels batting - Pitching for Delmarva Shorebirds : LHP Mark Gehring
Pitching: RHP Terry Huffmaster
Batting: RHB Miguel Diaz 0-0: Called Strike
0-1: Swinging Strike
0-2: Foul Ball, location: 2F
0-2: Fly out, F8 (Flyball, 8LS, EV 98.8 MPH)
Pinch Hitting: LHB Victor Santos 0-0: Ball
1-0: Foul Ball, location: 2F
1-1: Ball
2-1: Fly out, F9 (Flyball, 9, EV 93.8 MPH)
Pinch Hitting: SHB Shohei Fujii 0-0: SINGLE (Line Drive, 78M, EV 105.6 MPH)
Batting: SHB David Myles 0-0: Ball
1-0: Foul Ball, location: 2F
1-1: Swinging Strike
1-2: Strikes out swinging
Bottom of the 9th over - 0 runs, 1 hit, 0 errors, 1 left on base; Delmarva 6 - Cedar Rapids 5
Wednesday, June 22nd , 2022 - OOTP Baseball 23.4 Build 64